 Dungeon Crawl Stone Soup version 0.20.1-1-g8b1a95d (webtiles) character file.

42 keltmir the Cudgeler (level 3, -3/37 HPs)
             Began as a Troll Berserker on Oct 29, 2017.
             Was a Believer of Trog.
             Slain by Sigmund
             ... wielding a +0 scythe
              (4 damage)
             ... on level 2 of the Dungeon.
             The game lasted 00:05:59 (1263 turns).

keltmir the Cudgeler (Troll Berserker)              Turns: 1263, Time: 00:06:00

Health: -3/37      AC:  5    Str: 26    XL:     3   Next: 33%
Magic:  2/2        EV: 10    Int:  3    God:    Trog [**....]
Gold:   82         SH:  0    Dex:  9    Spells: 2/2 levels left

rFire    . . .     SeeInvis .   h - +0 whip
rCold    . . .     Gourm    +   (no shield)
rNeg     . . .     Faith    .   b - +0 animal skin
rPois    .         Spirit   .   (helmet restricted)
rElec    .         Reflect  .   (no cloak)
rCorr    .         Harm     .   (gloves unavailable)
MR       .....                  (boots unavailable)
Stlth    +.........             (no amulet)
Regen    0.6/turn               (no ring)
MPRegen  0.1/turn               (no ring)

@: confused, lethally poisoned (-3 -> -4)
A: unfitting armour, claws 3, fast metabolism 3, gourmand, regeneration 1,
shaggy fur 1, tough skin 2
a: Berserk, Trog's Hand, Burn Spellbooks, Renounce Religion


You were on level 2 of the Dungeon.
You worshipped Trog.
Trog was pleased with you.
You were completely stuffed.

You visited 1 branch of the dungeon, and saw 2 of its levels.

You collected 82 gold pieces.

Inventory:

Hand Weapons
 a - a +0 mace
 h - a +0 whip (weapon)
Missiles
 f - 8 tomahawks (quivered)
Armour
 b - a +0 animal skin (worn)
Jewellery
 m - an uncursed ring of protection from fire {unknown}
 o - an uncursed amulet of the gourmand {unknown}
Scrolls
 d - a scroll of remove curse {unknown}
 i - a scroll of teleportation {unknown}
 k - a scroll of magic mapping {unknown}
 n - 3 scrolls of identify {unknown}
Potions
 e - a potion of flight {unknown}
 g - a potion of mutation {unknown}
 j - 2 potions of agility {unknown}
 l - a potion of ambrosia {unknown}
 p - a potion of invisibility {unknown}
Comestibles
 c - 2 bread rations


   Skills:
 + Level 3.1 Fighting
 * Level 3.3 Maces & Flails
 - Level 2.4 Dodging


You had 2 spell levels left.
You didn't know any spells.

Dungeon Overview and Level Annotations

Branches:
Dungeon (2/15)

Altars:

Annotations:
D:2 Sigmund


Innate Abilities, Weirdness & Mutations

You are too large for most types of armour.
You have claws for hands.
Your metabolism is lightning-fast.
You like to eat raw meat.
Your natural rate of healing is unusually fast.
You are covered in fur. (AC +1)
You have very tough skin. (AC +2)


Message History

You bump into the rock wall.
The adder bites you. Sigmund barely misses you.
You bump into the rock wall.
The adder bites you.
* * * LOW HITPOINT WARNING * * *
The adder bites you.
* * * LOW HITPOINT WARNING * * *
You closely miss Sigmund.
You feel sick.
Sigmund points at you and mumbles some strange words.
You are more confused.
The adder bites you but does no damage.
You bump into the rock wall.
Sigmund flickers, as though insubstantial.
Sigmund hits you with a scythe.
* * * LOW HITPOINT WARNING * * *
The adder closely misses you.
You hit Sigmund.
Sigmund is lightly wounded.
The adder bites you.
* * * LOW HITPOINT WARNING * * *
Sigmund hits you with a scythe.
You die...

..#.# #.#.# #.#.#
### #.#.# ...
#.#.# ###### ##.#
#....#### #.(# #
#.......# #S@#.#
#.....#.# #@...#
#.....#.# #.####
......#.# #.#
#######.########.#
#..........#
############


You could see Sigmund and an adder.

Vanquished Creatures
  2 worms (D:2)
  A dart slug (D:1)
  2 giant cockroaches
  2 goblins (D:1)
  4 hobgoblins
  4 kobolds
  10 bats
  4 frilled lizards
  6 rats
35 creatures vanquished.

Notes
Turn   | Place    | Note
-------+----------+-------------------------------------------
     0 | D:1      | keltmir the Troll Berserker began the quest for the Orb.
     0 | D:1      | Reached XP level 1. HP: 22/22 MP: 0/0
     2 | D:1      | Noticed a tengu
     2 | D:1      | Noticed a merfolk
     4 | D:1      | Noticed a gargoyle
     4 | D:1      | Noticed a minotaur
     8 | D:1      | Noticed an octopode
     8 | D:1      | Noticed a ghoul
    10 | D:1      | Noticed an ogre
    12 | D:1      | Noticed a human
    12 | D:1      | Noticed a demonspawn
    14 | D:1      | Noticed a halfling
    14 | D:1      | Noticed a felid
    16 | D:1      | Noticed a naga
    16 | D:1      | Noticed an elf
    18 | D:1      | Noticed a troll
    18 | D:1      | Noticed a spriggan
    20 | D:1      | Noticed a centaur
    20 | D:1      | Noticed a vampire
    22 | D:1      | Noticed a formicid
    22 | D:1      | Noticed a vine stalker
    24 | D:1      | Noticed a draconian
    24 | D:1      | Noticed a dwarf
    26 | D:1      | Noticed a demigod
   243 | D:1      | Reached XP level 2. HP: 29/29 MP: 1/1
   851 | D:2      | Reached XP level 3. HP: 37/37 MP: 2/2
  1125 | D:2      | Reached ** piety under Trog
  1244 | D:2      | Noticed Sigmund
  1263 | D:2      | HP: 1/37 [adder (3)]
  1263 | D:2      | Slain by Sigmund

Skill      XL: |  1  2 |
---------------+-------+-----
Maces & Flails | 3 |  3.3
Fighting       | 3 |  3.1
Dodging        | |  2.4

Action                   || total
-------------------------++-------
Melee: Mace              ||    18
       Whip              ||   105
 Stab: Sleeping          ||     1
  Eat: Chunk             ||    17
Armor: Animal skin       ||    56
Dodge: Dodged            ||    60
